 Dungeon Crawl Stone Soup version 0.25.1-2-g60ff931df9 (webtiles) character file.

Game seed: 10650557885673696049

124 bronco the Vexing (level 4, -11/35 HPs)
             Began as a Centaur Arcane Marksman on Sept 26, 2020.
             Was an Initiate of Ashenzari.
             Mangled by an ogre
             ... wielding a +0 giant club
              (24 damage)
             ... on level 4 of the Dungeon.
             The game lasted 00:14:31 (4554 turns).

bronco the Vexing (Centaur Arcane Marksman)         Turns: 4554, Time: 00:14:31

Health: -11/35     AC:  8    Str: 12    XL:     4   Next: 81%
Magic:  3/6        EV: 10    Int: 12    God:    Ashenzari [......]
Gold:   141        SH:  0    Dex: 11    Spells: 0/6 levels left

rFire    . . .     SeeInvis .   b - +0 spear
rCold    . . .     Gourm    .   (no shield)
rNeg     . . .     Faith    .   v - +1 robe {MR+}
rPois    .         Spirit   .   t - +2 helmet
rElec    .         Reflect  .   (no cloak)
rCorr    .         Harm     .   (no gloves)
MR       +....                  (no barding)
Stlth    +.........             (no amulet)
HPRegen  0.11/turn              c - ring of flight
MPRegen  0.10/turn              (no ring)

@: very quick
A: large, hooves 3, deformed body, speed 2, tough skin 3
a: Curse Item, Renounce Religion, Evoke Flight


You were on level 4 of the Dungeon.
You worshipped Ashenzari.
Ashenzari was noncommittal.
You were not hungry.

You visited 1 branch of the dungeon, and saw 4 of its levels.

You collected 141 gold pieces.

Inventory:

Hand Weapons
 a - a +0 shortbow
 b - a +0 spear (weapon)
 j - a +0 short sword
Missiles
 d - 10 arrows
 h - 36 stones (quivered)
Armour
 t - a +2 helmet (worn)
 v - a +1 robe of magic resistance (worn)
Jewellery
 c - a ring of flight (left hand)
Wands
 q - a wand of iceblast (10)
 u - a wand of digging (4)
Scrolls
 e - a scroll of identify
 l - 3 scrolls of remove curse
 p - a scroll of enchant armour {unknown}
 r - a scroll of random uselessness {unknown}
Potions
 g - a potion of curing {unknown}
 i - 2 potions of stabbing
 m - a potion of resistance {unknown}
 n - 3 potions of magic
 o - a potion of heal wounds {unknown}
 s - 2 potions of brilliance {unknown}
Comestibles
 f - 9 rations


   Skills:
 + Level 1.6 Fighting
 + Level 3.3 Bows
 + Level 2.0 Dodging
 + Level 1.8 Spellcasting
 + Level 3.7 Hexes


You couldn't memorise any spells.
You knew the following spells:

 Your Spells              Type           Power        Failure   Level  Hunger
a - Corona                Hex            ##.....      6%          1    ##.....
b - Slow                  Hex            ##......     9%          2    ###....
c - Inner Flame           Hex/Fire       #.......     36%         3    ####...

Your spell library contained the following spells:

 Spells                   Type           Power        Failure   Level  Hunger
 Portal Projectile        Hex/Tloc       #.....       36%         3    ####...
 Cause Fear               Hex            ##........   52%         4    #####..
 Leda's Liquefaction      Hex/Erth       #.........   78%         4    #####..


Dungeon Overview and Level Annotations

Branches:
Dungeon (4/15)             Temple (0/1) D:4

Altars:
Ashenzari
Fedhas
Kikubaaqudgha
Uskayaw
Zin


Innate Abilities, Weirdness & Mutations

You have hooves in place of feet.
Armour fits poorly on your strangely shaped body.
You cover ground very quickly.
You have extremely tough skin. (AC +3)


Message History

The ogre closely misses you.
You barely miss the ogre. You kick the ogre.
The ogre is severely wounded.
The ogre hits you but does no damage.
You completely miss the ogre.
The ogre is severely wounded.
The ogre closely misses you.
You barely miss the ogre.
The ogre is severely wounded.
You hit the ogre. Your kick misses the ogre.
The ogre is severely wounded.
The ogre barely misses you.
You hit the ogre. You kick the ogre, but do no damage.
The ogre is almost dead.
The ogre hits you with a +0 giant club!
You hit the ogre.
The ogre is almost dead.
The ogre hits you with a +0 giant club!!
Ouch! That really hurt!
You die...

#.#
#####.#############
...###.#############
.⌠.###.#############
...###.#############
.......#############
.>..⌠..#############
.....(.#############
...###(.(..(.(.O@###
.⌠.#################
...#################
#..#################
#.##################
....################
###.################
##.################
#.#


You could see an ogre.

Vanquished Creatures
  Robin (D:2)
  3 adders (D:2)
  4 worms
  3 orcs (D:4)
  A ball python (D:4)
  11 bats
  4 giant cockroaches
  14 goblins
  9 hobgoblins
  6 jackals
  2 kobolds (D:2)
  2 quokkas
  4 frilled lizards
  4 rats
68 creatures vanquished.

Notes
Turn   | Place    | Note
-------+----------+-------------------------------------------
     0 | D:1      | bronco the Centaur Arcane Marksman began the quest for the
                  | Orb.
     0 | D:1      | Reached XP level 1. HP: 16/16 MP: 2/2
   558 | D:1      | Reached XP level 2. HP: 23/23 MP: 1/3
  1465 | D:2      | Reached XP level 3. HP: 22/28 MP: 1/4
  2225 | D:2      | Found a hide-covered altar of Uskayaw.
  2232 | D:2      | Found a glowing silver altar of Zin.
  2235 | D:2      | Found a shattered altar of Ashenzari.
  2235 | D:2      | Found an ancient bone altar of Kikubaaqudgha.
  2235 | D:2      | Found a blossoming altar of Fedhas.
  2238 | D:2      | Became a worshipper of Ashenzari the Shackled
  2668 | D:2      | Reached XP level 4. HP: 35/35 MP: 4/6
  2713 | D:2      | Noticed Robin
  2736 | D:2      | Killed Robin
  2971 | D:2      | Learned a level 2 spell: Slow
  2975 | D:2      | Learned a level 3 spell: Inner Flame
  3808 | D:3      | Found a faded altar of an unknown god.
  3994 | D:4      | Found a staircase to the Ecumenical Temple.
  3997 | D:4      | Noticed an ogre
  4233 | D:4      | Reached * piety under Ashenzari
  4554 | D:4      | Mangled by an ogre

Illustrated notes

Levels and vault maps discovered:
D:1:      noname_arrival_rooms_in_the_neighbourhood, layout_basic,
          chequers_serial_rivers_micro_a, minivault_11,
          hangedman_abyss_or_decor_stabs, minmay_hedge_maze
D:2:      layout_loops_cross, grunt_temple_overflow_open, eino_tiny_chamber,
          minmay_puff, uniq_robin
D:3:      layout_basic, chequers_ecumenical_altar_island, first_ration
D:4:      layout_basic, minmay_temple_entry_junction, minmay_door_square,
          uniq_grinder, uniq_duvessa

Skill      XL: |  1  2  3  4 |
---------------+-------------+-----
Bows           | 3 |  3.3
Hexes          | 3 |  3.7
Dodging        | 2 |  2.0
Fighting       | |  1.6
Spellcasting   | |  1.8

Action                   |  1- 3 |  4- 6 || total
-------------------------+-------+-------++-------
Melee: Short sword       |    36 |       ||    36
       Spear             |    57 |    67 ||   124
       Kick              |     9 |    14 ||    23
 Fire: Shortbow          |    35 |    32 ||    67
Throw: Stone             |     3 |     5 ||     8
 Cast: Corona            |    33 |    34 ||    67
       Slow              |       |     4 ||     4
Invok: Scrying           |       |     1 ||     1
  Use: Scroll            |       |     2 ||     2
  Eat: Chunk             |     2 |     6 ||     8
       Ration            |     1 |       ||     1
Armor: Robe              |    41 |    20 ||    61
Dodge: Dodged            |    72 |    31 ||   103
